Flyers vs Maple Leafs

Created - 21 novembre 2014 at 19:03

Goals
1 2 3 T
Flyers 0 0 5 5
Maple Leafs 2 1 1 4
Shots
1 2 3 T
Flyers 3 5 18 26
Maple Leafs 20 9 10 39

1st period

1. Maple Leafs , Evgeni Malkin 18 (Claude Giroux, Jamie McBain) at 6:11
2. Maple Leafs , Alexander Frolov 12 (Braydon Coburn, Byron Bitz) at 9:28

Penalties :
No Penalty

2nd period

3. Maple Leafs , Evgeni Malkin 19 (Claude Giroux, Tobias Enstrom) at 12:59 (PP)

Penalties :
Stephane Robidas (Phi) for Roughing (Minor) at 12:36

3rd period

4. Flyers , Miroslav Satan 7 (Jonathan Ericsson, Stephane Robidas) at 1:30 (PP)
5. Flyers , Martin St. Louis 10 (Derek Boogaard) at 2:20
6. Maple Leafs , Byron Bitz 8 (Brendan Morrison, Dion Phaneuf) at 7:02
7. Flyers , Jeff Carter 10 (Jonathan Ericsson, Antti Niemi) at 10:09 (PP)
8. Flyers , Ryane Clowe 8 (Jonathan Ericsson, Jeff O'Neill) at 11:02
9. Flyers , Jeff Carter 11 (Scott Hartnell, Jonathan Ericsson) at 14:16 (PP)

Penalties :
Matt Pettinger (Tor) for Roughing (Minor) at 0:46, Justin Abdelkader (Tor) for Tripping (Minor) at 2:56, Blake Comeau (Tor) for Roughing (Minor) at 9:57, Justin Abdelkader (Tor) for High sticking (Minor) at 14:06, Dion Phaneuf (Tor) for Tripping (Minor) at 14:19

Goalie Stats

Antti Niemi (Phi), 35 saves from 39 shots - (0,897), W, 10-6-4, 60:00 minutes
Niklas Backstrom (Tor), 21 saves from 26 shots - (0,808), L, 3-3-1, 59:07 minutes

Players Stats for Flyers

Player Name              G  A  P  +/- PIM S  H  SB GA TA FO     MP     PP MP  PK MP  
------------------------------------------------------------------------------------
Derek Boogaard           0  1  1   1  0   0  3  1  0  0  1/1    17:39   0:00   0:00 
Eric Brewer              0  0  0  -1  0   0  1  0  0  1  0/0    24:34   2:03   0:00 
Jeff Carter              2  0  2   1  0   6  0  3  2  0  12/30  19:10   3:00   0:00 
Jeff O'Neill             0  1  1   0  0   0  0  1  0  1  3/5    15:39   2:04   0:00 
Jonathan Ericsson        0  4  4   0  0   3  3  0  0  0  0/0    25:03   3:01   0:23 
Ladislav Smid            0  0  0  -1  0   0  2  1  0  1  0/0    24:43   0:00   0:00 
Martin St. Louis         1  0  1   1  0   3  2  1  0  1  1/4    20:46   3:00   0:23 
Matthew Lombardi         0  0  0   0  0   4  2  1  0  0  0/3    11:22   0:00   0:23 
Michael Ryder            0  0  0   0  0   2  2  0  0  0  0/0    13:47   0:00   0:00 
Miroslav Satan           1  0  1  -2  0   2  2  0  0  0  0/0    15:48   2:04   0:00 
Pascal Dupuis            0  0  0   0  0   0  1  1  0  0  0/0    10:50   0:00   0:00 
Paul Gaustad             0  0  0  -2  0   1  1  1  0  0  3/9    13:58   0:00   0:00 
Petr Schastlivy          0  0  0   0  0   0  0  1  0  1  0/1     9:54   0:00   0:00 
Ryane Clowe              1  0  1   0  0   2  1  0  1  0  0/0    15:23   2:04   0:00 
Scott Hannan             0  0  0  -1  0   1  0  1  0  0  0/0    15:07   0:00   0:00 
Scott Hartnell           0  1  1  -2  0   1  3  1  0  2  1/1    16:38   3:00   0:00 
Stephane Robidas         0  1  1   1  2   1  2  0  0  0  0/0    24:16   3:01   0:00 
Trevor Daley             0  0  0   0  0   0  0  0  0  0  0/0     4:59   2:03   0:23 

Players Stats for Maple Leafs

Player Name              G  A  P  +/- PIM S  H  SB GA TA FO     MP     PP MP  PK MP  
------------------------------------------------------------------------------------
Alex Goligoski           0  0  0  -1  0   1  0  0  1  1  0/0    18:59   0:00   2:11 
Alexander Frolov         1  0  1   2  0   3  3  1  0  0  1/1    18:53   0:23   1:50 
Blake Comeau             0  0  0  -1  2   2  1  0  0  0  0/0     8:23   0:00   0:00 
Braydon Coburn           0  1  1   1  0   1  2  0  0  0  0/0    21:45   0:00   2:17 
Brendan Morrison         0  1  1   2  0   0  2  0  0  0  3/6    15:55   0:00   0:05 
Byron Bitz               1  1  2   2  0   5  2  0  0  0  0/0    15:34   0:00   0:00 
Claude Giroux            0  2  2   0  0   5  0  0  0  0  3/3    22:38   0:23   3:06 
Colby Armstrong          0  0  0   0  0   2  0  0  1  0  0/0    11:05   0:00   0:00 
Dion Phaneuf             0  1  1   1  2   4  1  3  0  0  0/0    24:27   0:23   1:53 
Evgeni Malkin            2  0  2   0  0   7  1  0  1  0  19/32  22:36   0:23   3:04 
Jamie McBain             0  1  1   1  0   2  1  1  2  0  0/0    15:54   0:00   0:00 
Jordan Staal             0  0  0   0  0   1  2  0  0  0  3/4    11:58   0:00   0:42 
Justin Abdelkader        0  0  0   0  4   0  3  0  1  0  0/1    18:21   0:00   0:05 
Lubomir Visnovsky        0  0  0   1  0   1  1  0  0  0  0/0    17:10   0:00   0:22 
Matt Pettinger           0  0  0   0  2   1  1  0  0  1  0/1    11:04   0:00   0:00 
Rob Schremp              0  0  0  -1  0   2  1  0  0  1  2/4     8:24   0:00   0:00 
Steve Ott                0  0  0  -1  0   1  1  0  0  0  2/2     9:40   0:00   1:16 
Tobias Enstrom           0  1  1  -1  0   1  0  0  1  0  0/0    22:05   0:23   3:25 

3 Stars

1 - Jeff Carter (Phi)
2 - Jonathan Ericsson (Phi)
3 - Byron Bitz (Tor)

Power Play

Flyers - 3 on 5 Attempt(s) - 60,00%
Maple Leafs - 1 on 1 Attempt(s) - 100,00%

Penalty Kill

Flyers - 0 on 1 Attempt(s) - 0,00% - Score 0 goal in Penalty Kill
Maple Leafs - 2 on 5 Attempt(s) - 40,00% - Score 0 goal in Penalty Kill

Official

Referees : Pollock Kevin and Hebert Ghislain
Linesman : Steve Miller and Jay Sharrers

Game Notes

No Game Note

Finance

Level 1 -- Attendance: 4133 (68,88%) -- Ticket Income 413 300 $
Level 2 -- Attendance: 3470 (69,40%) -- Ticket Income 225 550 $
Level 3 -- Attendance: 1249 (62,45%) -- Ticket Income 52 458 $
Level 4 -- Attendance: 2500 (62,50%) -- Ticket Income 75 000 $
Luxury Box -- Attendance: 766 (76,60%) -- Ticket Income 141 710 $
Game was played at the Maple Leafs Garden
Total Attendance: 12118 (67,32%)
Total Ticket Income: 908 018 $
Other Income: 136 203 $
Total Income: 1 044 221 $

Flyers

5 vs 5 Forward 
   Center                   Left Wing                Right Wing               Time % Phy DF OF 
 1 Jeff Carter              Derek Boogaard           Martin St. Louis         40     1   2  2  
 2 Paul Gaustad             Scott Hartnell           Miroslav Satan           30     1   2  2  
 3 Jeff O'Neill             Ryane Clowe              Michael Ryder            20     1   2  2  
 4 Matthew Lombardi         Petr Schastlivy          Pascal Dupuis            10     1   2  2  

5 vs 5 Defense 
   Defense                  Defense                                           Time % Phy DF OF 
 1 Stephane Robidas         Jonathan Ericsson                                 35     1   2  2  
 2 Eric Brewer              Ladislav Smid                                     35     1   2  2  
 3 Ladislav Smid            Scott Hannan                                      20     1   2  2  
 4 Stephane Robidas         Eric Brewer                                       10     1   2  2  

PowerPlay Forward 
   Center                   Left Wing                Right Wing               Time % Phy DF OF 
 1 Jeff Carter              Scott Hartnell           Martin St. Louis         60     1   2  2  
 2 Jeff O'Neill             Ryane Clowe              Miroslav Satan           40     1   2  2  

PowerPlay Defense
   Defense                  Defense                                           Time % Phy DF OF 
 1 Stephane Robidas         Jonathan Ericsson                                 60     1   2  2  
 2 Trevor Daley             Eric Brewer                                       40     1   2  2  

Penalty Kill 4 Players Forward 
   Center                   Wing                     Time % Phy DF OF 
 1 Martin St. Louis         Matthew Lombardi         60     1   2  2  
 2 Paul Gaustad             Pascal Dupuis            40     1   2  2  

Penalty Kill 4 Players Defense
   Defense                  Defense                  Time % Phy DF OF 
 1 Trevor Daley             Jonathan Ericsson        60     1   2  2  
 2 Ladislav Smid            Eric Brewer              40     1   2  2  

Penalty Kill - 3 Players Forward 
   Forward                                           Time % Phy DF OF 
 1 Martin St. Louis                                  60     1   2  2  
 2 Matthew Lombardi                                  40     1   2  2  

Penalty Kill - 3 Players Defense
   Defense                  Defense                  Time % Phy DF OF 
 1 Trevor Daley             Jonathan Ericsson        60     1   2  2  
 2 Ladislav Smid            Eric Brewer              40     1   2  2  

4 vs 4 Forward 
   Center                   Wing                     Time % Phy DF OF 
 1 Martin St. Louis         Jeff Carter              60     1   2  2  
 2 Jeff O'Neill             Michael Ryder            40     1   2  2  

4 vs 4 Defense
   Defense                  Defense                  Time % Phy DF OF 
 1 Stephane Robidas         Jonathan Ericsson        60     1   2  2  
 2 Trevor Daley             Eric Brewer              40     1   2  2  

Last Minutes Offensive
   Center                   Left Wing                Right Wing               Defense                  Defense                  
   Jeff Carter              Scott Hartnell           Martin St. Louis         Stephane Robidas         Eric Brewer              

Last Minutes Defensive
   Center                   Left Wing                Right Wing               Defense                  Defense                  
   Martin St. Louis         Matthew Lombardi         Pascal Dupuis            Ladislav Smid            Jonathan Ericsson        

Goaltenders
Starting : Antti Niemi              
Backup : Chris Mason              

Extra Forwards
Normal : Jeff Carter, Paul Gaustad, Martin St. Louis - PP : Jeff Carter, Miroslav Satan - PK : Matthew Lombardi
Extra Defensemen
Normal : Jonathan Ericsson, Stephane Robidas, Eric Brewer - PP : Stephane Robidas - PK : Jonathan Ericsson, Ladislav Smid
Penalty Shots
Jeff Carter, Martin St. Louis, Jeff O'Neill, Miroslav Satan, Matthew Lombardi

Maple Leafs

5 vs 5 Forward 
   Center                   Left Wing                Right Wing               Time % Phy DF OF 
 1 Evgeni Malkin            Justin Abdelkader        Claude Giroux            40     1   2  2  
 2 Brendan Morrison         Alexander Frolov         Byron Bitz               30     1   2  2  
 3 Jordan Staal             Matt Pettinger           Colby Armstrong          20     1   2  2  
 4 Rob Schremp              Steve Ott                Blake Comeau             10     1   2  2  

5 vs 5 Defense 
   Defense                  Defense                                           Time % Phy DF OF 
 1 Dion Phaneuf             Braydon Coburn                                    40     1   3  1  
 2 Alex Goligoski           Tobias Enstrom                                    30     1   2  2  
 3 Lubomir Visnovsky        Jamie McBain                                      20     1   2  2  
 4 Dion Phaneuf             Tobias Enstrom                                    10     1   2  2  

PowerPlay Forward 
   Center                   Left Wing                Right Wing               Time % Phy DF OF 
 1 Evgeni Malkin            Alexander Frolov         Claude Giroux            60     1   2  2  
 2 Brendan Morrison         Steve Ott                Byron Bitz               40     1   2  2  

PowerPlay Defense
   Defense                  Defense                                           Time % Phy DF OF 
 1 Dion Phaneuf             Tobias Enstrom                                    60     1   2  2  
 2 Alex Goligoski           Jamie McBain                                      40     1   2  2  

Penalty Kill 4 Players Forward 
   Center                   Wing                     Time % Phy DF OF 
 1 Evgeni Malkin            Claude Giroux            60     1   2  2  
 2 Jordan Staal             Alexander Frolov         40     1   2  2  

Penalty Kill 4 Players Defense
   Defense                  Defense                  Time % Phy DF OF 
 1 Dion Phaneuf             Tobias Enstrom           60     1   2  2  
 2 Alex Goligoski           Braydon Coburn           40     1   2  2  

Penalty Kill - 3 Players Forward 
   Forward                                           Time % Phy DF OF 
 1 Claude Giroux                                     60     1   2  2  
 2 Evgeni Malkin                                     40     1   2  2  

Penalty Kill - 3 Players Defense
   Defense                  Defense                  Time % Phy DF OF 
 1 Dion Phaneuf             Tobias Enstrom           60     1   2  2  
 2 Alex Goligoski           Braydon Coburn           40     1   2  2  

4 vs 4 Forward 
   Center                   Wing                     Time % Phy DF OF 
 1 Evgeni Malkin            Claude Giroux            60     1   2  2  
 2 Brendan Morrison         Alexander Frolov         40     1   2  2  

4 vs 4 Defense
   Defense                  Defense                  Time % Phy DF OF 
 1 Dion Phaneuf             Tobias Enstrom           60     1   2  2  
 2 Alex Goligoski           Jamie McBain             40     1   2  2  

Last Minutes Offensive
   Center                   Left Wing                Right Wing               Defense                  Defense                  
   Evgeni Malkin            Alexander Frolov         Claude Giroux            Dion Phaneuf             Tobias Enstrom           

Last Minutes Defensive
   Center                   Left Wing                Right Wing               Defense                  Defense                  
   Evgeni Malkin            Alexander Frolov         Claude Giroux            Dion Phaneuf             Tobias Enstrom           

Goaltenders
Starting : Niklas Backstrom         
Backup : Marc-André Fleury        

Extra Forwards
Normal : Jordan Staal, Claude Giroux, Byron Bitz - PP : Jordan Staal, Byron Bitz - PK : Steve Ott
Extra Defensemen
Normal : Tobias Enstrom, Dion Phaneuf, Lubomir Visnovsky - PP : Jamie McBain - PK : Braydon Coburn, Dion Phaneuf
Penalty Shots
Claude Giroux, Evgeni Malkin, Alexander Frolov, Brendan Morrison, Byron Bitz

% Time on Ice - Flyers

Lines # - Real PCT - Wanted PCT - Time Play
Normal Forward
1 - 29% - 40% - 15:37
2 - 28% - 30% - 15:07
3 - 24% - 20% - 12:59
4 - 18% - 10% - 9:39
Normal Defense
1 - 36% - 35% - 19:06
2 - 29% - 35% - 15:38
3 - 25% - 20% - 13:29
4 - 10% - 10% - 5:09
PP Forward
1 - 59% - 60% - 3:00
2 - 41% - 40% - 2:04
PP Defense
1 - 60% - 60% - 3:01
2 - 40% - 40% - 2:03
PK Forward
1 - 100% - 60% - 0:23
2 - 0% - 40% - 0:00
PK Defense
1 - 100% - 60% - 0:23
2 - 0% - 40% - 0:00
PK3 Forward
1 - 0% - 60%
2 - 0% - 40%
PK3 Defense
1 - 0% - 60%
2 - 0% - 40%
44 Forward
1 - 0% - 60%
2 - 0% - 40%
44 Defense
1 - 0% - 60%
2 - 0% - 40%
Last Minute Offensive  - 0:00
Last Minute Defensive  - 1:11
Total
Forward - 60:00
Defense - 60:00

% Time on Ice - Maple Leafs

Lines # - Real PCT - Wanted PCT - Time Play
Normal Forward
1 - 34% - 40% - 18:18
2 - 29% - 30% - 15:34
3 - 21% - 20% - 11:05
4 - 16% - 10% - 8:24
Normal Defense
1 - 36% - 40% - 19:15
2 - 29% - 30% - 15:14
3 - 30% - 20% - 15:54
4 - 6% - 10% - 2:58
PP Forward
1 - 100% - 60% - 0:23
2 - 0% - 40% - 0:00
PP Defense
1 - 100% - 60% - 0:23
2 - 0% - 40% - 0:00
PK Forward
1 - 86% - 60% - 4:22
2 - 14% - 40% - 0:42
PK Defense
1 - 72% - 60% - 3:40
2 - 28% - 40% - 1:24
PK3 Forward
1 - 0% - 60%
2 - 0% - 40%
PK3 Defense
1 - 0% - 60%
2 - 0% - 40%
44 Forward
1 - 0% - 60%
2 - 0% - 40%
44 Defense
1 - 0% - 60%
2 - 0% - 40%
Last Minute Offensive  - 1:12
Last Minute Defensive  - 0:00
Total
Forward - 60:00
Defense - 60:00

Play by Play

1st period


0:01 of 1st period - Evgeni Malkin wins face-off versus Jeff Carter in neutral zone.
0:25 of 1st period - Jonathan Ericsson is hit by Brendan Morrison and loses puck.
0:50 of 1st period - Snap shot by Colby Armstrong.
0:50 of 1st period - Stopped by Antti Niemi without a rebound.
0:51 of 1st period - Rob Schremp wins face-off versus Matthew Lombardi in Flyers zone.
0:56 of 1st period - Slapshot by Rob Schremp.
0:56 of 1st period - Stopped by Antti Niemi with a rebound.
0:58 of 1st period - Slapshot by Lubomir Visnovsky.
0:58 of 1st period - Deflect By Blake Comeau.
0:58 of 1st period - Stopped by Antti Niemi with a rebound.
1:00 of 1st period - Slapshot by Jamie McBain.
1:00 of 1st period - Deflect By Rob Schremp.
1:00 of 1st period - Stopped by Antti Niemi without a rebound.
1:01 of 1st period - Steve Ott wins face-off versus Petr Schastlivy in Flyers zone.
1:16 of 1st period - Wrist shot by Blake Comeau.
1:16 of 1st period - Shot Misses the Net.
1:18 of 1st period - Snap shot by Steve Ott.
1:18 of 1st period - Shot Misses the Net.
1:20 of 1st period - Slapshot by Tobias Enstrom.
1:20 of 1st period - Deflect By Blake Comeau.
1:20 of 1st period - Shot Misses the Net.
1:20 of 1st period - Puck is out of play.
1:21 of 1st period - Evgeni Malkin wins face-off versus Jeff Carter in Flyers zone.
1:22 of 1st period - Wrist shot by Claude Giroux.
1:22 of 1st period - Shot Blocked by Derek Boogaard.
2:06 of 1st period - Snap shot by Matt Pettinger.
2:06 of 1st period - Shot Misses the Net.
2:10 of 1st period - Wrist shot by Matt Pettinger.
2:10 of 1st period - Shot Misses the Net.
3:12 of 1st period - Wrist shot by Byron Bitz.
3:12 of 1st period - Stopped by Antti Niemi with a rebound.
3:14 of 1st period - Slapshot by Alexander Frolov.
3:14 of 1st period - Stopped by Antti Niemi without a rebound.
3:15 of 1st period - Jeff Carter wins face-off versus Evgeni Malkin in Flyers zone.
3:33 of 1st period - Lubomir Visnovsky is hit by Jonathan Ericsson and loses puck.
4:11 of 1st period - Wrist shot by Evgeni Malkin.
4:11 of 1st period - Shot Misses the Net.
4:13 of 1st period - Slapshot by Jamie McBain.
4:13 of 1st period - Stopped by Antti Niemi with a rebound.
4:15 of 1st period - Snap shot by Lubomir Visnovsky.
4:15 of 1st period - Shot Blocked by Ladislav Smid.
5:17 of 1st period - Snap shot by Claude Giroux.
5:17 of 1st period - Shot Blocked by Jeff O'Neill.
5:49 of 1st period - Backhand shot by Claude Giroux.
5:49 of 1st period - Shot Misses the Net.
5:57 of 1st period - Snap shot by Jeff O'Neill.
5:57 of 1st period - Deflect By Michael Ryder.
5:57 of 1st period - Stopped by Niklas Backstrom with a rebound.
6:11 of 1st period - Wrist shot by Evgeni Malkin.
6:11 of 1st period - Goal by Evgeni Malkin - Flyers : 0 - Maple Leafs : 1.
6:12 of 1st period - Jeff Carter wins face-off versus Brendan Morrison in neutral zone.
6:56 of 1st period - Jonathan Ericsson is hit by Steve Ott and loses puck.
7:03 of 1st period - Alex Goligoski is hit by Jonathan Ericsson and loses puck.
7:48 of 1st period - Icing by Jonathan Ericsson.
7:49 of 1st period - Paul Gaustad wins face-off versus Brendan Morrison in Flyers zone.
7:53 of 1st period - Icing by Paul Gaustad.
7:54 of 1st period - Brendan Morrison wins face-off versus Paul Gaustad in Flyers zone.
7:55 of 1st period - Snap shot by Byron Bitz.
7:55 of 1st period - Stopped by Antti Niemi with a rebound.
7:57 of 1st period - Slapshot by Dion Phaneuf.
7:57 of 1st period - Deflect By Jonathan Ericsson.
7:57 of 1st period - Stopped by Antti Niemi with a rebound.
8:33 of 1st period - Snap shot by Miroslav Satan.
8:33 of 1st period - Shot Blocked by Dion Phaneuf.
9:24 of 1st period - Wrist shot by Byron Bitz.
9:24 of 1st period - Stopped by Antti Niemi with a rebound.
9:26 of 1st period - Snap shot by Byron Bitz.
9:26 of 1st period - Shot Misses the Net.
9:28 of 1st period - Slapshot by Braydon Coburn.
9:28 of 1st period - Deflect By Alexander Frolov.
9:28 of 1st period - Goal by Alexander Frolov - Flyers : 0 - Maple Leafs : 2.
9:29 of 1st period - Jordan Staal wins face-off versus Jeff Carter in neutral zone.
9:35 of 1st period - Off-side.
9:36 of 1st period - Derek Boogaard wins face-off versus Matt Pettinger in neutral zone.
11:10 of 1st period - Slapshot by Colby Armstrong.
11:10 of 1st period - Shot Blocked by Jeff Carter.
11:12 of 1st period - Snap shot by Colby Armstrong.
11:12 of 1st period - Shot Blocked by Scott Hannan.
11:14 of 1st period - Wrist shot by Tobias Enstrom.
11:14 of 1st period - Shot Blocked by Jeff Carter.
11:48 of 1st period - Snap shot by Matt Pettinger.
11:48 of 1st period - Shot Misses the Net.
11:50 of 1st period - Slapshot by Alex Goligoski.
11:50 of 1st period - Deflect By Jordan Staal.
11:50 of 1st period - Shot Misses the Net.
11:50 of 1st period - Puck is out of play.
11:51 of 1st period - Evgeni Malkin wins face-off versus Paul Gaustad in Flyers zone.
11:54 of 1st period - Wrist shot by Evgeni Malkin.
11:54 of 1st period - Shot Blocked by Paul Gaustad.
11:56 of 1st period - Slapshot by Dion Phaneuf.
11:56 of 1st period - Stopped by Antti Niemi with a rebound.
11:58 of 1st period - Snap shot by Evgeni Malkin.
11:58 of 1st period - Stopped by Antti Niemi with a rebound.
12:00 of 1st period - Snap shot by Evgeni Malkin.
12:00 of 1st period - Stopped by Antti Niemi with a rebound.
12:23 of 1st period - Dion Phaneuf is hit by Eric Brewer and loses puck.
12:38 of 1st period - Steve Ott is hit by Michael Ryder and loses puck.
12:43 of 1st period - Wrist shot by Ryane Clowe.
12:43 of 1st period - Stopped by Niklas Backstrom without a rebound.
12:44 of 1st period - Jeff O'Neill wins face-off versus Evgeni Malkin in Maple Leafs zone.
12:53 of 1st period - Snap shot by Claude Giroux.
12:53 of 1st period - Stopped by Antti Niemi with a rebound.
12:55 of 1st period - Wrist shot by Claude Giroux.
12:55 of 1st period - Stopped by Antti Niemi without a rebound.
12:56 of 1st period - Evgeni Malkin wins face-off versus Paul Gaustad in Flyers zone.
13:48 of 1st period - Jeff O'Neill is hit by Jamie McBain and loses puck.
13:56 of 1st period - Icing by Jonathan Ericsson.
13:57 of 1st period - Paul Gaustad wins face-off versus Evgeni Malkin in Flyers zone.
14:26 of 1st period - Stephane Robidas is hit by Byron Bitz and loses puck.
15:37 of 1st period - Snap shot by Matthew Lombardi.
15:37 of 1st period - Stopped by Niklas Backstrom with a rebound.
15:51 of 1st period - Tobias Enstrom is hit by Martin St. Louis and loses puck.
16:08 of 1st period - Slapshot by Evgeni Malkin.
16:08 of 1st period - Stopped by Antti Niemi without a rebound.
16:09 of 1st period - Evgeni Malkin wins face-off versus Paul Gaustad in Flyers zone.
16:12 of 1st period - Backhand shot by Evgeni Malkin.
16:12 of 1st period - Shot Blocked by Scott Hartnell.
16:44 of 1st period - Snap shot by Eric Brewer.
16:44 of 1st period - Shot Blocked by Jamie McBain.
18:02 of 1st period - Byron Bitz is hit by Ladislav Smid and loses puck.
18:21 of 1st period - Backhand shot by Tobias Enstrom.
18:21 of 1st period - Deflect By Steve Ott.
18:21 of 1st period - Stopped by Antti Niemi without a rebound.
18:22 of 1st period - Jeff Carter wins face-off versus Rob Schremp in Flyers zone.
18:32 of 1st period - Steve Ott is hit by Derek Boogaard.
18:41 of 1st period - Ladislav Smid is hit by Blake Comeau.
18:54 of 1st period - Icing by Scott Hartnell.
18:55 of 1st period - Paul Gaustad wins face-off versus Evgeni Malkin in Flyers zone.
18:55 of 1st period - Paul Gaustad is hit by Justin Abdelkader.
19:04 of 1st period - Off-side.
19:05 of 1st period - Evgeni Malkin wins face-off versus Jeff Carter in neutral zone.
19:10 of 1st period - Wrist shot by Claude Giroux.
19:10 of 1st period - Stopped by Antti Niemi without a rebound.
19:11 of 1st period - Jeff Carter wins face-off versus Evgeni Malkin in Flyers zone.
19:15 of 1st period - Off-side.
19:16 of 1st period - Evgeni Malkin wins face-off versus Martin St. Louis in neutral zone.
19:29 of 1st period - Wrist shot by Martin St. Louis.
19:29 of 1st period - Shot Misses the Net.
Goals for this period are 0 for Flyers vs 2 for Maple Leafs.
Shots for this period are 3 for Flyers vs 20 for Maple Leafs.

2nd period


0:01 of 2nd period - Evgeni Malkin wins face-off versus Jeff Carter in neutral zone.
0:26 of 2nd period - Braydon Coburn is hit by Paul Gaustad and loses puck.
0:31 of 2nd period - Snap shot by Paul Gaustad.
0:31 of 2nd period - Shot Misses the Net.
1:17 of 2nd period - Snap shot by Blake Comeau.
1:17 of 2nd period - Deflect By Steve Ott.
1:17 of 2nd period - Shot Misses the Net.
1:17 of 2nd period - Puck is out of play.
1:18 of 2nd period - Evgeni Malkin wins face-off versus Jeff Carter in Flyers zone.
1:53 of 2nd period - Wrist shot by Scott Hartnell.
1:53 of 2nd period - Shot Blocked by Alexander Frolov.
1:55 of 2nd period - Slapshot by Jonathan Ericsson.
1:55 of 2nd period - Deflect By Miroslav Satan.
1:55 of 2nd period - Stopped by Niklas Backstrom without a rebound.
1:56 of 2nd period - Claude Giroux wins face-off versus Jeff O'Neill in Maple Leafs zone.
2:23 of 2nd period - Off-side.
2:24 of 2nd period - Brendan Morrison wins face-off versus Jeff Carter in neutral zone.
2:31 of 2nd period - Off-side.
2:32 of 2nd period - Claude Giroux wins face-off versus Jeff Carter in neutral zone.
3:22 of 2nd period - Jordan Staal is hit by Michael Ryder.
3:28 of 2nd period - Wrist shot by Ryane Clowe.
3:28 of 2nd period - Shot Blocked by Dion Phaneuf.
3:34 of 2nd period - Jonathan Ericsson is hit by Dion Phaneuf.
3:46 of 2nd period - Snap shot by Matthew Lombardi.
3:46 of 2nd period - Stopped by Niklas Backstrom with a rebound.
3:48 of 2nd period - Backhand shot by Jonathan Ericsson.
3:48 of 2nd period - Deflect By Braydon Coburn.
3:48 of 2nd period - Stopped by Niklas Backstrom with a rebound.
3:50 of 2nd period - Snap shot by Matthew Lombardi.
3:50 of 2nd period - Stopped by Niklas Backstrom without a rebound.
3:51 of 2nd period - Jeff Carter wins face-off versus Evgeni Malkin in Maple Leafs zone.
4:17 of 2nd period - Paul Gaustad is hit by Alexander Frolov and loses puck.
4:24 of 2nd period - Snap shot by Brendan Morrison.
4:24 of 2nd period - Shot Misses the Net.
5:10 of 2nd period - Wrist shot by Rob Schremp.
5:10 of 2nd period - Shot Misses the Net.
5:51 of 2nd period - Ladislav Smid is hit by Alexander Frolov and loses puck.
6:14 of 2nd period - Snap shot by Matt Pettinger.
6:14 of 2nd period - Stopped by Antti Niemi with a rebound.
6:16 of 2nd period - Snap shot by Jordan Staal.
6:16 of 2nd period - Shot Misses the Net.
6:30 of 2nd period - Pascal Dupuis is hit by Rob Schremp and loses puck.
6:35 of 2nd period - Wrist shot by Rob Schremp.
6:35 of 2nd period - Shot Blocked by Petr Schastlivy.
6:37 of 2nd period - Backhand shot by Lubomir Visnovsky.
6:37 of 2nd period - Stopped by Antti Niemi with a rebound.
6:39 of 2nd period - Wrist shot by Rob Schremp.
6:39 of 2nd period - Shot Misses the Net.
6:59 of 2nd period - Snap shot by Martin St. Louis.
6:59 of 2nd period - Shot Misses the Net.
7:01 of 2nd period - Snap shot by Jeff Carter.
7:01 of 2nd period - Shot Misses the Net.
8:26 of 2nd period - Lubomir Visnovsky is hit by Ryane Clowe and loses puck.
8:48 of 2nd period - Dion Phaneuf is hit by Jonathan Ericsson and loses puck.
9:19 of 2nd period - Blake Comeau is hit by Scott Hartnell and loses puck.
9:55 of 2nd period - Icing by Brendan Morrison.
9:56 of 2nd period - Alexander Frolov wins face-off versus Matthew Lombardi in Maple Leafs zone.
9:56 of 2nd period - Alexander Frolov is hit by Derek Boogaard.
10:06 of 2nd period - Slapshot by Alex Goligoski.
10:06 of 2nd period - Shot Misses the Net.
10:08 of 2nd period - Slapshot by Tobias Enstrom.
10:08 of 2nd period - Stopped by Antti Niemi with a rebound.
11:24 of 2nd period - Justin Abdelkader is hit by Miroslav Satan and loses puck.
11:39 of 2nd period - Slapshot by Colby Armstrong.
11:39 of 2nd period - Shot Misses the Net.
12:17 of 2nd period - Off-side.
12:18 of 2nd period - Evgeni Malkin wins face-off versus Jeff Carter in neutral zone.
12:23 of 2nd period - Wrist shot by Evgeni Malkin.
12:23 of 2nd period - Stopped by Antti Niemi with a rebound.
12:25 of 2nd period - Slapshot by Alex Goligoski.
12:25 of 2nd period - Deflect By Scott Hannan.
12:25 of 2nd period - Stopped by Antti Niemi without a rebound.
12:26 of 2nd period - Evgeni Malkin wins face-off versus Paul Gaustad in Flyers zone.
12:36 of 2nd period - Minor Penalty to Stephane Robidas for Roughing.
12:37 of 2nd period - Claude Giroux wins face-off versus Martin St. Louis in Flyers zone.
12:37 of 2nd period - Wrist shot by Alexander Frolov.
12:37 of 2nd period - Shot Blocked by Martin St. Louis.
12:39 of 2nd period - Wrist shot by Alexander Frolov.
12:39 of 2nd period - Shot Misses the Net.
12:41 of 2nd period - Slapshot by Claude Giroux.
12:41 of 2nd period - Deflect By Martin St. Louis.
12:41 of 2nd period - Shot Blocked by Matthew Lombardi.
12:41 of 2nd period - Puck is out of play.
12:42 of 2nd period - Martin St. Louis wins face-off versus Evgeni Malkin in Flyers zone.
12:59 of 2nd period - Snap shot by Evgeni Malkin.
12:59 of 2nd period - Goal by Evgeni Malkin - Flyers : 0 - Maple Leafs : 3.
13:00 of 2nd period - Evgeni Malkin wins face-off versus Jeff Carter in neutral zone.
13:25 of 2nd period - Scott Hartnell is hit by Alexander Frolov and loses puck.
13:32 of 2nd period - Snap shot by Eric Brewer.
13:32 of 2nd period - Shot Misses the Net.
13:37 of 2nd period - Off-side.
13:38 of 2nd period - Jeff O'Neill wins face-off versus Jordan Staal in neutral zone.
14:03 of 2nd period - Justin Abdelkader is hit by Derek Boogaard and loses puck.
14:12 of 2nd period - Snap shot by Jeff Carter.
14:12 of 2nd period - Shot Misses the Net.
14:18 of 2nd period - Jeff Carter is hit by Justin Abdelkader and loses puck.
14:35 of 2nd period - Lubomir Visnovsky is hit by Miroslav Satan and loses puck.
14:38 of 2nd period - Slapshot by Alexander Frolov.
14:38 of 2nd period - Stopped by Antti Niemi with a rebound.
14:58 of 2nd period - Slapshot by Blake Comeau.
14:58 of 2nd period - Stopped by Antti Niemi with a rebound.
15:18 of 2nd period - Stephane Robidas is hit by Braydon Coburn and loses puck.
16:15 of 2nd period - Jamie McBain is hit by Stephane Robidas.
17:00 of 2nd period - Slapshot by Jamie McBain.
17:00 of 2nd period - Deflect By Ryane Clowe.
17:00 of 2nd period - Stopped by Antti Niemi with a rebound.
17:31 of 2nd period - Slapshot by Jonathan Ericsson.
17:31 of 2nd period - Stopped by Niklas Backstrom without a rebound.
17:32 of 2nd period - Jeff Carter wins face-off versus Justin Abdelkader in Maple Leafs zone.
17:40 of 2nd period - Dion Phaneuf is hit by Martin St. Louis and loses puck.
18:04 of 2nd period - Dion Phaneuf is hit by Scott Hartnell and loses puck.
18:09 of 2nd period - Wrist shot by Scott Hartnell.
18:09 of 2nd period - Shot Misses the Net.
18:29 of 2nd period - Steve Ott is hit by Matthew Lombardi.
18:59 of 2nd period - Wrist shot by Scott Hartnell.
18:59 of 2nd period - Shot Misses the Net.
19:05 of 2nd period - Paul Gaustad is hit by Matt Pettinger.
19:09 of 2nd period - Miroslav Satan is hit by Jordan Staal and loses puck.
19:20 of 2nd period - Snap shot by Matthew Lombardi.
19:20 of 2nd period - Shot Misses the Net.
Goals for this period are 0 for Flyers vs 1 for Maple Leafs.
Shots for this period are 5 for Flyers vs 9 for Maple Leafs.

3rd period


0:01 of 3rd period - Evgeni Malkin wins face-off versus Jeff Carter in neutral zone.
0:26 of 3rd period - Miroslav Satan is hit by Byron Bitz and loses puck.
0:46 of 3rd period - Minor Penalty to Matt Pettinger for Roughing.
0:47 of 3rd period - Evgeni Malkin wins face-off versus Jeff Carter in Maple Leafs zone.
0:47 of 3rd period - Evgeni Malkin is hit by Stephane Robidas.
1:26 of 3rd period - Slapshot by Stephane Robidas.
1:26 of 3rd period - Stopped by Niklas Backstrom with a rebound.
1:28 of 3rd period - Slapshot by Jonathan Ericsson.
1:28 of 3rd period - Stopped by Niklas Backstrom with a rebound.
1:30 of 3rd period - Snap shot by Miroslav Satan.
1:30 of 3rd period - Goal by Miroslav Satan - Flyers : 1 - Maple Leafs : 3.
1:31 of 3rd period - Jeff Carter wins face-off versus Brendan Morrison in neutral zone.
2:05 of 3rd period - Snap shot by Paul Gaustad.
2:05 of 3rd period - Stopped by Niklas Backstrom without a rebound.
2:06 of 3rd period - Evgeni Malkin wins face-off versus Jeff Carter in Maple Leafs zone.
2:20 of 3rd period - Slapshot by Martin St. Louis.
2:20 of 3rd period - Goal by Martin St. Louis - Flyers : 2 - Maple Leafs : 3.
2:21 of 3rd period - Evgeni Malkin wins face-off versus Jeff Carter in neutral zone.
2:34 of 3rd period - Snap shot by Jeff Carter.
2:34 of 3rd period - Stopped by Niklas Backstrom without a rebound.
2:35 of 3rd period - Jeff Carter wins face-off versus Evgeni Malkin in Maple Leafs zone.
2:38 of 3rd period - Snap shot by Martin St. Louis.
2:38 of 3rd period - Shot Blocked by Dion Phaneuf.
2:40 of 3rd period - Snap shot by Derek Boogaard.
2:40 of 3rd period - Shot Misses the Net.
2:42 of 3rd period - Snap shot by Jeff Carter.
2:42 of 3rd period - Stopped by Niklas Backstrom with a rebound.
2:44 of 3rd period - Wrist shot by Jeff Carter.
2:44 of 3rd period - Stopped by Niklas Backstrom with a rebound.
2:56 of 3rd period - Minor Penalty to Justin Abdelkader for Tripping.
2:57 of 3rd period - Jeff Carter wins face-off versus Evgeni Malkin in Maple Leafs zone.
2:58 of 3rd period - Slapshot by Scott Hartnell.
2:58 of 3rd period - Stopped by Niklas Backstrom with a rebound.
3:00 of 3rd period - Slapshot by Jeff Carter.
3:00 of 3rd period - Shot Misses the Net.
4:21 of 3rd period - Icing by Scott Hartnell.
4:22 of 3rd period - Steve Ott wins face-off versus Jeff Carter in Flyers zone.
4:56 of 3rd period - Penalty to Justin Abdelkader is over, Justin Abdelkader is back on ice.
5:10 of 3rd period - Snap shot by Matthew Lombardi.
5:10 of 3rd period - Stopped by Niklas Backstrom without a rebound.
5:11 of 3rd period - Jordan Staal wins face-off versus Matthew Lombardi in Maple Leafs zone.
5:11 of 3rd period - Jordan Staal is hit by Pascal Dupuis.
5:25 of 3rd period - Backhand shot by Matt Pettinger.
5:25 of 3rd period - Shot Misses the Net.
5:27 of 3rd period - Snap shot by Colby Armstrong.
5:27 of 3rd period - Stopped by Antti Niemi with a rebound.
6:00 of 3rd period - Snap shot by Jeff Carter.
6:00 of 3rd period - Deflect By Alexander Frolov.
6:00 of 3rd period - Stopped by Niklas Backstrom with a rebound.
6:02 of 3rd period - Wrist shot by Martin St. Louis.
6:02 of 3rd period - Stopped by Niklas Backstrom without a rebound.
6:03 of 3rd period - Evgeni Malkin wins face-off versus Jeff Carter in Maple Leafs zone.
6:14 of 3rd period - Tobias Enstrom is hit by Ladislav Smid and loses puck.
6:34 of 3rd period - Snap shot by Michael Ryder.
6:34 of 3rd period - Stopped by Niklas Backstrom with a rebound.
6:36 of 3rd period - Slapshot by Jeff O'Neill.
6:36 of 3rd period - Shot Misses the Net.
6:38 of 3rd period - Slapshot by Scott Hannan.
6:38 of 3rd period - Stopped by Niklas Backstrom with a rebound.
6:56 of 3rd period - Slapshot by Dion Phaneuf.
6:56 of 3rd period - Stopped by Antti Niemi with a rebound.
6:58 of 3rd period - Snap shot by Brendan Morrison.
6:58 of 3rd period - Shot Misses the Net.
7:00 of 3rd period - Snap shot by Byron Bitz.
7:00 of 3rd period - Stopped by Antti Niemi with a rebound.
7:02 of 3rd period - Snap shot by Byron Bitz.
7:02 of 3rd period - Goal by Byron Bitz - Flyers : 2 - Maple Leafs : 4.
7:03 of 3rd period - Brendan Morrison wins face-off versus Jeff Carter in neutral zone.
7:30 of 3rd period - Paul Gaustad is hit by Jordan Staal and loses puck.
7:57 of 3rd period - Snap shot by Claude Giroux.
7:57 of 3rd period - Shot Hit the Post.
8:03 of 3rd period - Ryane Clowe is hit by Evgeni Malkin and loses puck.
8:18 of 3rd period - Wrist shot by Claude Giroux.
8:18 of 3rd period - Stopped by Antti Niemi with a rebound.
8:20 of 3rd period - Slapshot by Dion Phaneuf.
8:20 of 3rd period - Stopped by Antti Niemi with a rebound.
8:22 of 3rd period - Snap shot by Rob Schremp.
8:22 of 3rd period - Shot Blocked by Jeff Carter.
8:24 of 3rd period - Slapshot by Braydon Coburn.
8:24 of 3rd period - Stopped by Antti Niemi with a rebound.
8:46 of 3rd period - Snap shot by Jordan Staal.
8:46 of 3rd period - Stopped by Antti Niemi without a rebound.
8:47 of 3rd period - Jordan Staal wins face-off versus Paul Gaustad in Flyers zone.
8:54 of 3rd period - Snap shot by Scott Hartnell.
8:54 of 3rd period - Shot Misses the Net.
8:56 of 3rd period - Wrist shot by Scott Hartnell.
8:56 of 3rd period - Shot Misses the Net.
9:57 of 3rd period - Minor Penalty to Blake Comeau for Roughing.
9:58 of 3rd period - Evgeni Malkin wins face-off versus Martin St. Louis in Maple Leafs zone.
9:58 of 3rd period - Evgeni Malkin is hit by Scott Hartnell.
10:09 of 3rd period - Snap shot by Jeff Carter.
10:09 of 3rd period - Goal by Jeff Carter - Flyers : 3 - Maple Leafs : 4.
10:10 of 3rd period - Jeff Carter wins face-off versus Evgeni Malkin in neutral zone.
10:13 of 3rd period - Snap shot by Martin St. Louis.
10:13 of 3rd period - Stopped by Niklas Backstrom with a rebound.
10:53 of 3rd period - Off-side.
10:54 of 3rd period - Rob Schremp wins face-off versus Jeff O'Neill in neutral zone.
10:56 of 3rd period - Off-side.
10:57 of 3rd period - Jeff O'Neill wins face-off versus Rob Schremp in neutral zone.
11:00 of 3rd period - Slapshot by Jonathan Ericsson.
11:00 of 3rd period - Shot Misses the Net.
11:02 of 3rd period - Backhand shot by Ryane Clowe.
11:02 of 3rd period - Goal by Ryane Clowe - Flyers : 4 - Maple Leafs : 4.
11:03 of 3rd period - Jeff Carter wins face-off versus Evgeni Malkin in neutral zone.
12:21 of 3rd period - Steve Ott is hit by Matthew Lombardi.
13:04 of 3rd period - Petr Schastlivy is hit by Justin Abdelkader and loses puck.
13:13 of 3rd period - Snap shot by Evgeni Malkin.
13:13 of 3rd period - Shot Misses the Net.
14:06 of 3rd period - Minor Penalty to Justin Abdelkader for High sticking.
14:07 of 3rd period - Scott Hartnell wins face-off versus Evgeni Malkin in Maple Leafs zone.
14:16 of 3rd period - Wrist shot by Jeff Carter.
14:16 of 3rd period - Goal by Jeff Carter - Flyers : 5 - Maple Leafs : 4.
14:17 of 3rd period - Evgeni Malkin wins face-off versus Jeff Carter in neutral zone.
14:19 of 3rd period - Minor Penalty to Dion Phaneuf for Tripping.
14:20 of 3rd period - Jeff Carter wins face-off versus Evgeni Malkin in Maple Leafs zone.
16:19 of 3rd period - Penalty to Dion Phaneuf is over, Dion Phaneuf is back on ice.
16:32 of 3rd period - Miroslav Satan is hit by Brendan Morrison and loses puck.
17:20 of 3rd period - Ladislav Smid is hit by Lubomir Visnovsky and loses puck.
19:04 of 3rd period - Pascal Dupuis is hit by Braydon Coburn and loses puck.
19:07 of 3rd period - Maple Leafs, Niklas Backstrom is pulled from the net.
19:17 of 3rd period - Wrist shot by Claude Giroux.
19:17 of 3rd period - Stopped by Antti Niemi with a rebound.
19:19 of 3rd period - Snap shot by Evgeni Malkin.
19:19 of 3rd period - Stopped by Antti Niemi with a rebound.
19:21 of 3rd period - Snap shot by Claude Giroux.
19:21 of 3rd period - Shot Blocked by Pascal Dupuis.
19:23 of 3rd period - Snap shot by Evgeni Malkin.
19:23 of 3rd period - Shot Misses the Net.
19:25 of 3rd period - Slapshot by Lubomir Visnovsky.
19:25 of 3rd period - Shot Misses the Net.
Goals for this period are 5 for Flyers vs 1 for Maple Leafs.
Shots for this period are 18 for Flyers vs 10 for Maple Leafs.


Output by the SimonT Hockey Simulator (STHS) for François Prévost -- Original Page W3C XHTML 1.0 Valid
Hockey Simulator - Hockey Simulation - Hockey Manager